 Dungeon Crawl Stone Soup version 0.23-a0-619-g281719c (webtiles) character file.

29 zishaf the Grave Robber (level 3, -2/26 HPs)
             Began as a Mummy Necromancer on Dec 22, 2018.
             Slain by an adder (3 damage)
             ... on level 2 of the Dungeon.
             The game lasted 00:03:16 (1529 turns).

zishaf the Grave Robber (Mummy Necromancer)         Turns: 1529, Time: 00:03:17

Health: -2/26      AC:  2    Str: 11    XL:     3   Next: 1%
Magic:  0/7        EV: 12    Int: 15    God:
Gold:   87         SH:  0    Dex: 12    Spells: 6/8 levels left

rFire    x . .     SeeInvis .   g - +2 short sword (elec)
rCold    + . .     Gourm    .   (no shield)
rNeg     + + +     Faith    .   a - +0 robe
rPois    ∞         Spirit   .   (no helmet)
rElec    .         Reflect  .   (no cloak)
rCorr    .         Harm     .   (no gloves)
MR       .....                  (no boots)
Stlth    ++........             (no amulet)
HPRegen  0.08/turn              (no ring)
MPRegen  0.10/turn              (no ring)

@: no status effects
A: no food or potions, fire vulnerability, cold resistance 1, negative energy
resistance 3, torment resistance, unbreathing
a: no special abilities


You were on level 2 of the Dungeon.
You were not hungry.

You visited 1 branch of the dungeon, and saw 2 of its levels.

You collected 87 gold pieces.

Inventory:

Hand Weapons
 g - a +2 short sword of electrocution (weapon)
Missiles
 b - 21 stones (quivered)
Armour
 a - a +0 robe (worn)
Scrolls
 c - 3 scrolls of identify {unknown}
 d - 2 scrolls of blinking {unknown}
 e - 2 scrolls of fear {unknown}
 f - a scroll of enchant weapon {unknown}
 h - a scroll of teleportation {unknown}
 i - a scroll of remove curse {unknown}
 j - a scroll of enchant armour {unknown}


   Skills:
 + Level 1.1 Fighting
 - Level 2.0 Dodging
 - Level 1.5 Stealth
 + Level 3.2 Spellcasting
 + Level 4.2 Necromancy


You had 6 spell levels left.
You knew the following spells:

 Your Spells              Type           Power        Failure   Level  Hunger
a - Pain                  Necr           ###.         3%          1    N/A
b - Animate Skeleton      Necr           N/A          3%          1    N/A

Your spell library contained the following spells:

 Spells                   Type           Power        Failure   Level  Hunger
 Vampiric Draining        Necr           ###.......   11%         3    N/A
 Animate Dead             Necr           N/A          34%         4    N/A
 Regeneration             Chrm/Necr      Unusable     N/A         3    N/A

Dungeon Overview and Level Annotations

Branches:
Dungeon (2/15)

Altars:
The Shining One

Annotations:
D:2 Robin


Innate Abilities, Weirdness & Mutations

You do not eat or drink.
Your flesh is vulnerable to fire.
You are immune to poison.
Your flesh is cold resistant. (rC+)
You are immune to negative energy. (rN+++)
You are immune to unholy pain and torment.
You can survive without breathing.


Message History

Aiming: Pain (safe; 3% risk of failure)
Press: ? - help, Shift-Dir - straight line, f/p - adder
Aim: an adder (almost dead, chance to defeat MR: 80%)
The adder barely resists.
The adder bites you but does no damage. The adder barely misses you.
Casting: Pain (safe; 3% risk of failure)
Confirm with . or Enter, or press ? or * to list all spells.
Aiming: Pain (safe; 3% risk of failure)
Press: ? - help, Shift-Dir - straight line, f/p - adder
Aim: an adder (almost dead, chance to defeat MR: 80%)
The adder barely resists.
The adder barely misses you.
You are too injured to fight recklessly!
You barely miss the adder.
The adder is almost dead.
The adder bites you.
* * * LOW HITPOINT WARNING * * *
You closely miss the adder.
The adder is almost dead.
The adder bites you.
You die...

....%..# #.# ......##
#.# ##'#### #.#
##..######'##
.....##.....######
.....##.....##...#
.....##.....##...# .
......###...##...###....
......# #.......@S......
.####.###........###....
..# #..##..%.....# . ..#
##.###...#...# ..#
#..##...###.# ..#
##.##...# #... ..#
#.##...# ##### ..#
#..#...##### ###
##.#......[# +


You could see an adder.

Vanquished Creatures
  A worm (D:2)
  A leopard gecko (D:2)
  3 giant cockroaches (D:1)
  2 hobgoblins (D:1)
  4 kobolds
  A bat (D:1)
  2 frilled lizards (D:2)
  5 goblins
  6 rats (D:1)
25 creatures vanquished.

Vanquished Creatures (collateral kills)
  A hobgoblin (D:1)
1 creature vanquished.

Grand Total: 26 creatures vanquished

Notes
Turn   | Place    | Note
-------+----------+-------------------------------------------
     0 | D:1      | zishaf the Mummy Necromancer began the quest for the Orb.
     0 | D:1      | Reached XP level 1. HP: 13/13 MP: 4/4
    53 | D:1      | Learned a level 1 spell: Animate Skeleton
   284 | D:1      | Reached XP level 2. HP: 20/20 MP: 5/5
  1046 | D:2      | Noticed Robin
  1050 | D:1      | Reached skill level 1 in Fighting
  1392 | D:2      | Found a glowing golden altar of the Shining One.
  1397 | D:2      | Reached XP level 3. HP: 25/26 MP: 7/7
  1528 | D:2      | HP: 1/26 [adder (4)]
  1529 | D:2      | Slain by an adder

Vault maps used:
D:1:      lightli_arrival_windingriver, lemuel_another_geyser
D:2:      lemuel_round_altar, uniq_robin

Skill      XL: |  1  2 |
---------------+-------+-----
Spellcasting   | 3 |  3.2
Fighting       | 1 |  1.1
Dodging        | 2 |  2.0
Stealth        | |  1.5
Necromancy     | |  4.2

Action                   || total
-------------------------++-------
Melee: Unarmed           ||    11
       Short sword       ||    20
 Cast: Pain              ||    45
       Animate Skeleton  ||     7
 Stab: Sleeping          ||     1
Armor: Robe              ||    14
Dodge: Dodged            ||    37

Table legend:
 A = Non-vault XP
 B = Vault XP
 C = Vault XP percentage of total XP
 D = Non-vault monster count
 E = Vault monster count
 F = Vault count percentage of total count
                 A         B        C        D         E       F
            +---------+---------+-------+---------+---------+-------
      Total |      40 |       2 |   4.8 |      25 |       1 |   3.8
            +---------+---------+-------+---------+---------+-------
        D:1 |      27 |       2 |   6.9 |      19 |       1 |   5.0
        D:2 |      13 |       0 |   0.0 |       6 |       0 |   0.0
            +---------+---------+-------+---------+---------+-------
